 Dungeon Crawl Stone Soup version 0.23-b1-49-g13d5857 (webtiles) character file.

Game seed: 15681410699140981134

20583 Monsterracer the Destroyer (level 12, -5/72 HPs)
             Began as a Gargoyle Wizard on Feb 3, 2019.
             Was a Priest of Sif Muna.
             Slain by a blink frog (13 damage)
             ... on level 2 of the Lair of Beasts.
             The game lasted 00:30:43 (15136 turns).

Monsterracer the Destroyer (Gargoyle Wizard)       Turns: 15136, Time: 00:30:43

Health: -5/72      AC: 23    Str: 11    XL:     12   Next: 81%
Magic:  4/22       EV: 13    Int: 28    God:    Sif Muna [***...]
Gold:   842        SH:  0    Dex:  8    Spells: 1/25 levels left

rFire    + . .     SeeInvis .   a - +0 broad axe (vamp)
rCold    + . .     Gourm    .   (no shield)
rNeg     + . .     Faith    .   k - +0 troll leather armour
rPois    ∞         Spirit   .   p - +2 helmet
rElec    +         Reflect  .   (no cloak)
rCorr    .         Harm     .   i - +2 pair of gloves
MR       .....                  y - +2 pair of boots
Stlth    +.........             C - amulet of the acrobat
HPRegen  0.62/turn              L - ring of Altruism {rC+ Int+4}
MPRegen  0.18/turn              F - ring of protection from fire {!d}

@: slowed, divine energy, very slow
A: negative energy resistance 1, electricity resistance, unbreathing,
petrification resistance, rot immunity, AC +8
a: Stop Divine Energy, Channel Magic, Renounce Religion


You were on level 2 of the Lair of Beasts.
You worshipped Sif Muna.
Sif Muna was most pleased with you.
You were very hungry.

You visited 3 branches of the dungeon, and saw 14 of its levels.
You also visited: Sewer and Ossuary.

You collected 1062 gold pieces.
You spent 220 gold pieces at shops.

Inventory:

Hand Weapons
 a - a +0 vampiric broad axe (weapon)
 b - a +5 flail of draining
Missiles
 B - a throwing net (quivered) {!f}
Armour
 i - a +2 pair of gloves (worn)
 k - a +0 troll leather armour (worn)
 p - a +2 helmet (worn)
 y - a +2 pair of boots (worn)
Jewellery
 s - an uncursed ring of resist corrosion
 C - an amulet of the acrobat (around neck)
 F - a ring of protection from fire (right hand) {!d}
 H - an uncursed ring of fire
 L - the ring of Altruism (left hand) {rC+ Int+4}
   (You found it on level 11 of the Dungeon)

   [ring of protection from cold]

   It affects your intelligence (+4).
   It protects you from cold.
 M - an uncursed ring of protection from magic {!d}
Wands
 f - a wand of enslavement (8)
 g - a wand of disintegration (25)
 o - a wand of digging (5)
 z - a wand of flame (23)
 A - a wand of acid (21)
 J - a wand of iceblast (19)
 O - a wand of polymorph (8)
Scrolls
 m - a scroll of magic mapping
 r - 4 scrolls of remove curse
 t - 10 scrolls of teleportation {!r}
 u - 3 scrolls of fear {!r}
 E - 2 scrolls of amnesia
 X - 3 scrolls of blinking
Potions
 d - 5 potions of invisibility
 e - 10 potions of curing
 h - 2 potions of mutation {!q}
 j - 5 potions of might
 n - 5 potions of haste
 q - 2 potions of magic
 v - a potion of ambrosia {!q}
 w - 2 potions of cancellation
 x - a potion of brilliance
 D - 2 potions of agility
 G - a potion of resistance
 I - a potion of flight
 K - a potion of berserk rage {!q}
Miscellaneous
 l - a lamp of fire
Comestibles
 c - 18 rations


   Skills:
 + Level 7.3 Fighting
 * Level 7.9(9.6) Axes
 - Level 9.2(10.6) Maces & Flails
 - Level 3.9 Armour
 - Level 5.4 Dodging
 - Level 2.1 Stealth
 - Level 7.0 Spellcasting
 - Level 10.0 Conjurations
 - Level 0.8 Summonings
 - Level 0.8 Translocations
 * Level 2.5 Fire Magic
 - Level 5.5 Invocations
 - Level 3.8 Evocations


You had one spell level left.
You knew the following spells:

 Your Spells              Type           Power        Failure   Level  Hunger
a - Magic Dart            Conj           ####         1%          1    None
b - Conjure Flame         Conj/Fire      #####...     1%          3    None
c - Sticky Flame          Conj/Fire      #####...     5%          4    ##.....
d - Fireball              Conj/Fire      #####.....   14%         5    #####..
e - Blink                 Tloc           N/A          8%          2    None
f - Mephitic Cloud        Conj/Pois/Air  ####....     5%          3    None
g - Summon Lightning Spi  Summ/Air       ##......     50%         4    ##.....
u - Swiftness             Chrm/Air       #.......     11%         2    None

Your spell library contained the following spells:

 Spells                   Type           Power        Failure   Level  Hunger
 Flame Tongue             Conj/Fire      #####        1%          1    None
 Summon Small Mammal      Summ           ##..         4%          1    None
 Corona                   Hex            #......      7%          1    None
 Throw Flame              Conj/Fire      #####.       1%          2    None
 Call Imp                 Summ           ##......     8%          2    None
 Passwall                 Tmut/Erth      #.......     11%         2    None
 Slow                     Hex            #.......     11%         2    None
 Inner Flame              Hex/Fire       ###.....     12%         3    None
 Call Canine Familiar     Summ           ##......     14%         3    None
 Portal Projectile        Hex/Tloc       ##....       17%         3    None
 Summon Guardian Golem    Hex/Summ       ##......     17%         3    None
 Passage of Golubria      Tloc           N/A          43%         4    ##.....
 Summon Ice Beast         Ice/Summ       ##......     50%         4    ##.....
 Cause Fear               Hex            #.........   56%         4    ##.....
 Leda's Liquefaction      Hex/Erth       #.........   56%         4    ##.....
 Lee's Rapid Deconstruct  Erth           #.........   88%         5    #####..
 Darkness                 Hex            #.........   100%        6    ######.
 Invisibility             Hex            #.......     100%        6    ######.


Dungeon Overview and Level Annotations

Branches:
Dungeon (11/15)            Temple (1/1) D:6            Lair (2/6) D:11
  Swamp: Lair:2-4    Shoals: Lair:2-4     Snake: Lair:2-4    Spider: Lair:2-4
    Orc: D:9-12

Altars:
Ashenzari
Cheibriados
Dithmenos
Elyvilon
Fedhas
Gozag
Hepliaklqana
Kikubaaqudgha
Makhleb
Nemelex Xobeh
Okawaru
Qazlal
Ru
Sif Muna
Trog
Uskayaw
Vehumet
Wu Jian
Xom
Yredelemnul
Zin
The Shining One

Shops:
D:5 [[}!   D:8 *


Innate Abilities, Weirdness & Mutations

You are resistant to torment.
Your stone body is resilient. (AC +8)
You are immune to poison.
You resist negative energy. (rN+)
You are resistant to electric shocks. (rElec)
You can survive without breathing.
You are immune to petrification.
You are immune to rotting.


Message History

Casting: Mephitic Cloud (safe; 5% risk of failure)
Confirm with . or Enter, or press ? or * to list all spells.
You blink.
The blink frog blinks! x2
You now have 20/22 mp.
You slash the blink frog!
You feel better.
You kill the blink frog!
Sif Muna accepts your kill.
Your Fire Magic skill increases to level 2!
The ice beast hits the plant but does no damage.
You regained 11 hp, and now have 16/72 hp.
Casting: Blink (safe; 8% risk of failure)
Confirm with . or Enter, or press ? or * to list all spells.
Aiming: Fireball (slightly dangerous; 16% risk of failure)
Press: ? - help, Shift-Dir - straight line, f - spiny frog
Aim: a spiny frog (almost dead)
The fireball explodes!
The fireball engulfs the spiny frog!
You kill the spiny frog!
Sif Muna accepts your kill.
The fireball engulfs the porcupine!
The porcupine is severely wounded.
The fireball engulfs the plant!
The plant is lightly damaged.
The fireball engulfs the ice beast!!
The ice beast melts!
You kill the ice beast!
Sif Muna accepts your kill.
The blink frog blinks!
You now have 16/22 mp.
Casting: Fireball (slightly dangerous; 16% risk of failure)
Confirm with . or Enter, or press ? or * to list all spells.
Aiming: Fireball (slightly dangerous; 16% risk of failure)
Press: ? - help, Shift-Dir - straight line The fireball explodes!
Sif Muna accepts your kill.
You feel a bit more experienced.
The fireball engulfs the ice beast!!
The ice beast melts!
You kill the ice beast!
Sif Muna accepts your kill.
You can now call upon Sif Muna for magical energy.
The fireball engulfs the plant!
The plant is heavily damaged.
The fireball engulfs the ice beast!!
The ice beast melts!
You kill the ice beast!
Sif Muna accepts your kill.
The porcupine closely misses you. x2; The blink frog blinks!
You now have 11/22 mp.
You barely miss the porcupine.
The porcupine is severely wounded.
The porcupine barely misses you. The porcupine bites you.
* * * LOW HITPOINT WARNING * * *
You take 3 damage, and have 15/72 hp.
Unknown command.
Unknown command.
You slash the porcupine!
You feel better.
You kill the porcupine!
Sif Muna accepts your kill.
You regained 3 hp, and now have 18/72 hp.
The blink frog blinks!
The blink frog hits you but does no damage.
Things that are here:
21 stones; a porcupine corpse You closely miss the blink frog.
The blink frog is lightly wounded.
The blink frog blinks!
The blink frog barely misses you. The blink frog hits you!
* * * LOW HITPOINT WARNING * * *
You take 9 damage, and have 10/72 hp.
You miss the blink frog.
The blink frog is lightly wounded.
You hit the blink frog.
The blink frog blinks!
The blink frog hits you!
* * * LOW HITPOINT WARNING * * *
The blink frog barely misses you.
You take 6 damage, and have 4/72 hp.
Unknown command.
Casting: Fireball (slightly dangerous; 14% risk of failure)
Confirm with . or Enter, or press ? or * to list all spells.
You blink.
The blink frog blinks!
You now have 11/22 mp.
Casting: Blink (safe; 8% risk of failure)
Confirm with . or Enter, or press ? or * to list all spells.
You blink.
You now have 9/22 mp.
Casting: Blink (safe; 8% risk of failure)
Confirm with . or Enter, or press ? or * to list all spells.
Aiming: Fireball (slightly dangerous; 14% risk of failure)
Press: ? - help, Shift-Dir - straight line, f - blink frog
Aim: a blink frog (lightly wounded)
The fireball explodes!
The fireball engulfs the blink frog!
The blink frog is heavily wounded.
The fireball engulfs the blink frog!!
The blink frog is almost dead.
You are feeling very hungry.
You hear a loud, deep croak!
The blink frog hits you but does no damage.
You now have 4/22 mp.
You miss the blink frog.
The blink frog is heavily wounded.
You closely miss the blink frog.
The blink frog blinks!
The blink frog hits you but does no damage.
The blink frog hits you!
You die...

....+.+... #....#
...†##..F.# #....# ....#
#...P##....+ ....#
..........# .....
#####.....##+###. ......
#.#.##........... ......
#....##..........
.....######.#...........
.........†.F@....... .
.........††§........ .
........†..#.#..P.#.
...###.#†P..##..#.....#
...#P.###..###.##.......
..##......§..+.F........
..##....§...#..P#.......
...####..####........#.#
..P#.###+##††#..#...#.


You could see a blink frog.

Vanquished Creatures
  A hydra (Lair:1)
  Erolcha (D:11)
  2 centaur warriors (D:10)
  3 two-headed ogres
  Pikel (D:4)
  A swamp dragon (D:10)
  A deep elf mage (D:10)
  3 spiny frogs (Lair:2)
  2 blink frogs (Lair:2)
  3 trolls
  A hornet (shapeshifter) (D:10)
  A bog body (Lair:2)
  5 hippogriffs
  A meliai zombie (D:10)
  Grinder (D:5)
  A shadow (D:11)
  5 yaks
  A wyvern (D:10)
  Menkaure (D:7)
  Edmund (D:4)
  3 wargs
  A soldier ant (D:11)
  8 water moccasins
  4 porcupines
  A slave (D:4)
  A hornet zombie (D:8)
  6 necrophages
  11 ice beasts
  2 black bears
  3 sky beasts (D:10)
  6 orc warriors
  7 phantoms
  3 ogres
  6 wolves (Lair:2)
  4 centaurs
  2 elf zombies (Ossuary)
  4 crocodiles
  3 big kobolds
  12 bullfrogs
  A water moccasin zombie (D:10)
  A scorpion (D:10)
  A wyvern skeleton (D:11)
  11 killer bees
  9 wights
  3 crimson imps
  3 centaur zombies
  9 hounds
  3 jellies
  3 bullfrog skeletons
  2 bullfrog zombies (D:10)
  A centaur skeleton (D:10)
  13 orc priests
  A gnoll shaman (D:4)
  Natasha (thrice) (D:2)
  14 orc wizards
  5 worker ants
  A hound zombie (D:10)
  A hound skeleton (D:5)
  4 mummies
  A howler monkey zombie (D:6)
  4 worker ant zombies
  Robin (D:2)
  3 gnolls (D:4)
  A howler monkey skeleton (D:10)
  10 adders
  3 river rats (Sewer)
  5 shadow imps
  A white imp (D:4)
  4 oozes
  2 adder zombies (Ossuary)
  An adder skeleton (D:6)
  4 worms
  A dart slug (D:1)
  7 leopard geckos
  44 orcs
  10 giant cockroaches
  15 goblins
  7 hobgoblins
  9 jackals
  6 quokkas
  2 ball pythons
  7 bats
  8 frilled lizards
  6 goblin zombies
  12 hobgoblin zombies
  19 kobolds
  A kobold skeleton (D:4)
  11 kobold zombies
  An orc skeleton (D:4)
  8 orc zombies (Ossuary)
  14 rats
  A rat zombie (Ossuary)
  A fungus (Lair:2)
  A plant (Lair:2)
443 creatures vanquished.

Notes
Turn   | Place    | Note
-------+----------+-------------------------------------------
     0 | D:1      | Monsterracer the Gargoyle Wizard began the quest for the
                  | Orb.
     0 | D:1      | Reached XP level 1. HP: 10/10 MP: 4/4
   210 | D:1      | Reached skill level 2 in Conjurations
   215 | D:1      | HP: 4/10 [jackal (2)]
   220 | D:1      | HP: 3/10 [jackal (1)]
   221 | D:1      | Reached XP level 2. HP: 3/15 MP: 0/6
   408 | D:1      | Learned a level 2 spell: Blink
   992 | D:2      | Reached skill level 3 in Conjurations
  1006 | D:1      | HP: 7/15 [jackal (2)]
  1010 | D:1      | HP: 1/15 [jackal (3)]
  1289 | D:2      | Reached XP level 3. HP: 13/19 MP: 3/7
  1294 | D:2      | Learned a level 3 spell: Conjure Flame
  1653 | D:2      | Noticed Natasha
  1659 | D:2      | Killed Natasha
  1659 | D:2      | Reached skill level 4 in Conjurations
  1659 | D:2      | Reached XP level 4. HP: 13/24 MP: 1/8
  1733 | D:2      | Noticed Robin
  1749 | D:2      | HP: 11/24 [goblin[Robin] (3)]
  2028 | D:2      | Killed Robin
  2077 | D:2      | Learned a level 3 spell: Mephitic Cloud
  2473 | D:2      | Reached XP level 5. HP: 28/28 MP: 7/9
  2499 | D:2      | Found an ornate altar of the Wu Jian Council.
  2619 | D:2      | Noticed Natasha
  2627 | D:2      | Killed Natasha
  2627 | D:2      | Reached skill level 5 in Conjurations
  2775 | D:2      | Noticed Natasha
  2780 | D:2      | Killed Natasha
  3031 | D:3      | Found a blossoming altar of Fedhas.
  3204 | D:3      | Reached XP level 6. HP: 27/32 MP: 1/11
  3541 | D:3      | Reached skill level 6 in Conjurations
  3785 | D:4      | Noticed a phantom
  3799 | D:4      | Killed a phantom
  3799 | D:4      | Reached skill level 1 in Maces & Flails
  3848 | D:4      | HP: 16/32 [centaur (2)]
  3854 | D:4      | Reached XP level 7. HP: 18/36 MP: 0/13
  3958 | D:4      | Found a glowing drain.
  3991 | Sewer    | Entered a sewer
  4626 | D:4      | Reached skill level 7 in Conjurations
  4687 | D:4      | Reached skill level 1 in Fighting
  4700 | D:4      | Found a glowing golden altar of the Shining One.
  4700 | D:4      | Noticed Edmund
  4722 | D:4      | Killed Edmund
  4722 | D:4      | HP: 19/38 [white imp/puff of frost (1)]
  4727 | D:4      | HP: 13/38 [white imp (1)]
  4739 | D:4      | HP: 8/38 [hobgoblin zombie (3)]
  5219 | D:4      | Noticed Pikel
  5274 | D:4      | Killed Pikel
  5274 | D:4      | Reached skill level 8 in Conjurations
  5274 | D:4      | Reached XP level 8. HP: 41/45 MP: 2/15
  5435 | D:4      | HP: 16/45 [orc priest/divine providence (15)]
  5642 | D:4      | Reached skill level 5 in Spellcasting
  5837 | D:4      | HP: 12/45 [ogre/+0 giant club (17)]
  6274 | D:5      | Entered Level 5 of the Dungeon
  6274 | D:5      | Found Ukkejib's Gadget Shoppe.
  6340 | D:5      | Found Ucuj Qeom's Distillery.
  6345 | D:5      | Bought a potion of magic for 88 gold pieces
  6345 | D:5      | Bought a potion of cancellation for 88 gold pieces
  6345 | D:5      | Bought a potion of brilliance for 44 gold pieces
  6462 | D:5      | Reached XP level 9. HP: 47/51 MP: 16/16
  6469 | D:5      | Found a shadowy altar of Dithmenos.
  6478 | D:5      | Noticed Grinder
  6488 | D:5      | Killed Grinder
  6505 | D:5      | Found Qosorurph's Armour Shoppe.
  6562 | D:5      | Found a sand-covered staircase.
  6604 | Ossuary  | Entered an ossuary
  6667 | Ossuary  | Reached skill level 5 in Maces & Flails
  6886 | Ossuary  | Reached skill level 9 in Conjurations
  7064 | D:5      | Found Humnaesu's Armour Shoppe.
  7188 | D:5      | Found a snail-covered altar of Cheibriados.
  7188 | D:5      | Found a faded altar of an unknown god.
  7193 | D:5      | Found an iron altar of Okawaru.
  7195 | D:5      | Found a stormy altar of Qazlal.
  7197 | D:5      | Found a faded altar of an unknown god.
  7273 | D:5      | Found a burning altar of Makhleb.
  7437 | D:6      | Found a staircase to the Ecumenical Temple.
  7447 | Temple   | Entered the Ecumenical Temple
  7544 | Temple   | Became a worshipper of Sif Muna the Loreminder
  7806 | D:6      | HP: 24/52 [wight/+0 war axe (4)]
  8164 | D:6      | Reached skill level 1 in Invocations
  8278 | D:6      | Found a hide-covered altar of Uskayaw.
  8915 | D:7      | Noticed Menkaure
  8928 | D:7      | Killed Menkaure
  9179 | D:7      | Found a glowing silver altar of Zin.
  9586 | D:8      | Found Myahiot's Demolitions Depot.
  9591 | D:8      | Reached XP level 10. HP: 58/58 MP: 14/18
  9723 | D:8      | Reached * piety under Sif Muna
  9978 | D:8      | HP: 27/58 [orc warrior/+0 long sword (6)]
  9983 | D:8      | HP: 27/58 [orc warrior/+0 long sword (1)]
 10114 | D:8      | Reached skill level 10 in Conjurations
 10201 | D:8      | Reached skill level 5 in Fighting
 10359 | D:8      | Learned a level 4 spell: Summon Lightning Spire
 10485 | D:8      | Reached skill level 1 in Evocations
 10547 | D:8      | Found a basalt altar of Yredelemnul.
 10621 | D:9      | HP: 26/59 [troll (11)]
 11051 | D:9      | Found an opulent altar of Gozag.
 11630 | D:9      | Reached skill level 1 in Armour
 11685 | D:10     | Entered Level 10 of the Dungeon
 11706 | D:10     | Got a ripped robe
 11719 | D:10     | Identified the +1 robe of the Inquisitive Suns {rElec rC+
                  | SInv} (You found it on level 10 of the Dungeon)
 11863 | D:10     | Reached ** piety under Sif Muna
 11894 | D:10     | Found a snail-covered altar of Cheibriados.
 11983 | D:10     | Reached XP level 11. HP: 59/64 MP: 20/20
 12279 | D:10     | Noticed a deep elf mage
 12291 | D:10     | Killed a deep elf mage
 12373 | D:10     | Noticed a centaur warrior
 12375 | D:10     | Noticed a swamp dragon
 12482 | D:10     | Killed a swamp dragon
 12482 | D:10     | Reached skill level 5 in Dodging
 12513 | D:10     | Noticed a centaur warrior
 12531 | D:10     | Noticed a two-headed ogre
 12535 | D:10     | Killed a centaur warrior
 12543 | D:10     | Noticed a two-headed ogre
 12555 | D:10     | Killed a two-headed ogre
 12555 | D:10     | Reached skill level 5 in Invocations
 12566 | D:10     | Killed a two-headed ogre
 12959 | D:10     | Learned a level 2 spell: Swiftness
 13064 | D:10     | Killed a centaur warrior
 13179 | D:10     | HP: 29/66 [orc wizard/magic dart (7)]
 13188 | D:10     | HP: 20/66 [warg (8)]
 13191 | D:10     | Reached skill level 1 in Axes
 13191 | D:10     | Reached XP level 12. HP: 20/71 MP: 19/22
 13193 | D:10     | HP: 19/71 [centaur zombie (3)]
 13329 | D:11     | Got a slimy wooden ring
 13331 | D:11     | Identified the ring of Altruism {rC+ Int+4} (You found it
                  | on level 11 of the Dungeon)
 13366 | D:11     | Noticed a two-headed ogre
 13368 | D:11     | HP: 28/71 [orc warrior/+0 battleaxe (13)]
 13402 | D:11     | HP: 25/71 [orc warrior/+0 battleaxe (20)]
 13408 | D:11     | Killed a two-headed ogre
 13526 | D:11     | Noticed Erolcha
 13544 | D:11     | Killed Erolcha
 13664 | D:11     | Reached skill level 5 in Axes
 13737 | D:11     | Got a scorched hunting sling
 13888 | D:11     | Found a staircase to the Lair.
 14123 | Lair:1   | Entered Level 1 of the Lair of Beasts
 14213 | Lair:1   | Got a twisted hand axe
 14246 | Lair:1   | Identified the cursed +3 hand axe "Mimpab" {venom, Dex+6
                  | Stlth+} (You found it on level 1 of the Lair of Beasts)
 14265 | Lair:1   | Noticed an eight-headed hydra
 14273 | Lair:1   | Killed an eight-headed hydra
 14418 | Lair:1   | Learned a level 4 spell: Sticky Flame
 15067 | Lair:2   | Learned a level 5 spell: Fireball
 15097 | Lair:2   | Reached skill level 1 in Fire Magic
 15122 | Lair:2   | HP: 34/72 [blink frog (13)]
 15122 | Lair:2   | HP: 13/72 [ice beast (7)]
 15123 | Lair:2   | HP: 4/72 [spiny frog (10)]
 15127 | Lair:2   | Reached *** piety under Sif Muna
 15128 | Lair:2   | HP: 15/72 [porcupine (4)]
 15132 | Lair:2   | HP: 4/72 [blink frog (7)]
 15136 | Lair:2   | Slain by a blink frog

Skill      XL: |  1  2  3  4  5  6  7  8  9 10 11 12 |
---------------+-------------------------------------+-----
Conjurations   | 2 3 4 5 6 8 9 10 | 10.0
Maces & Flails | 1 3 4 6 7 9 |  9.2
Spellcasting   | 4 5 6 7 |  7.0
Fighting       | 2 3 4 5 6 7 |  7.3
Dodging        | 2 3 4 5 |  5.4
Invocations    | 2 4 5 |  5.5
Evocations     | 2 3 |  3.8
Armour         | 1 3 |  3.9
Axes           | 1 7 |  7.9
Fire Magic     | 2 |  2.5
Stealth        | |  2.1
Summonings     | |  0.8
Translocations | |  0.8

Action                   |  1- 3 |  4- 6 |  7- 9 | 10-12 || total
-------------------------+-------+-------+-------+-------++-------
Melee: Whip              |    21 |    73 |    31 |       ||   125
       Dagger            |     6 |       |       |       ||     6
       Flail             |       |       |   198 |   455 ||   653
       Spear             |       |       |    16 |       ||    16
       Trident           |       |       |       |    11 ||    11
       Broad axe         |       |       |       |   303 ||   303
 Cast: Magic Dart        |    67 |   122 |   357 |   234 ||   780
       Conjure Flame     |       |       |    11 |    10 ||    21
       Blink             |       |       |     1 |     6 ||     7
       Mephitic Cloud    |       |       |     2 |    31 ||    33
       Fireball          |       |       |       |     3 ||     3
Invok: Divine Energy     |       |       |       |     1 ||     1
  Use: Scroll            |       |    13 |    11 |     8 ||    32
       Potion            |       |     1 |       |       ||     1
 Stab: Confused          |       |       |       |    17 ||    17
  Eat: Chunk             |     2 |     4 |    12 |    14 ||    32
       Ration            |       |     1 |     2 |     4 ||     7
Armor: Robe              |    20 |    55 |   167 |    96 ||   338
       Troll leather arm |       |       |       |   561 ||   561
Dodge: Dodged            |    31 |    82 |   185 |   957 ||  1255

Vault maps used:
D:1:      dpeg_arrival_simpleton_b, st_stairs_6
D:2:      nicolae_overflow_hidden_temple, minmay_pentomino_q4, uniq_natasha,
          uniq_robin
D:3:      lemuel_crystal_altar
D:4:      minmay_bubble_buster, nicolae_tso_besieged_by_evil,
          gup_sewer_entry_bubbles, uniq_edmund, uniq_pikel
D:5:      lemuel_coloured_pillars_altar, nicolae_dithmenos_shadow_blocks,
          chequers_temple_overflow_minitemple, first_ration,
          nicolae_ossuary_entry_monument, serial_shops,
          nicolae_shop_statue_plus, shop, shop, shop, uniq_grinder
D:6:      minmay_temple_entry_waves, basic_altar
D:7:      zin_treasury, uniq_menkaure
D:8:      marbit_many_paths, nicolae_blasting_shop
D:9:      minmay_weird_star, nicolae_gozag_cash_rules_everything_around_me,
          blue_anna_alchemist
D:10:     minmay_the_grid_3x3, basic_altar, serial_undead, serial_undead_e,
          serial_undead_f, serial_undead_f, serial_undead_c
D:11:     erik_lair_orcish_takeover, uniq_erolcha
Temple:   minmay_temple_curvy_loop
Lair:2:   skrybe_swamp_entry_bodies, portal_ice_cave_entry_ice_beasts,
          beast_lair_carwin_11
Sewer:    sewer_co_cracked_pipes
Ossuary:  ossuary_tomb_1
